 Dungeon Crawl Stone Soup version 0.30-a0-622-gddc90eaa04 (webtiles) character file.

Game seed: 12305245894883504682

108 wormed the Sneak (level 5, -2/32 HPs)
             Began as a Kobold Brigand on Jan 11, 2023.
             Slain by a gnoll
             ... wielding a +0 flail
              (9 damage)
             ... on level 2 of the Dungeon.
             The game lasted 00:02:38 (1886 turns).

wormed the Sneak (Kobold Brigand)                   Turns: 1886, Time: 00:02:39

Health: -2/32      AC:  4    Str:  8    XL:     5   Next: 12%
Magic:  5/5        EV: 14    Int: 19    God:
Gold:   147        SH:  0    Dex: 18    Spells: 4/4 levels left

rFire   . . .      SeeInvis .    a - +2 dagger
rCold   . . .      Faith    .    (no shield)
rNeg    . . .      Spirit   .    i - +0 leather armour
rPois   .          Reflect  .    (no helmet)
rElec   .          Harm     .    c - +0 cloak
rCorr   .          Rampage  .    (no gloves)
Will    .....                    (no boots)
Stlth   ++++                     (no amulet)
HPRegen 0.25/turn                h - +6 ring of intelligence
MPRegen 0.09/turn                (no ring)

@: no status effects
A: small, no large weapons, nightstalker 3
a: no special abilities


You were on level 2 of the Dungeon.
You visited 1 branch of the dungeon, and saw 3 of its levels.

You collected 147 gold pieces.

Inventory:

Hand Weapons
 a - a +2 dagger (weapon)
Missiles
 d - 9 poisoned darts
 e - 2 curare-tipped darts (quivered)
 g - 5 atropa-tipped darts
Armour
 c - a +0 cloak (worn)
 i - a +0 leather armour (worn)
Jewellery
 h - a +6 ring of intelligence (left hand)
Scrolls
 b - 2 scrolls of teleportation
 f - a scroll of identify


   Skills:
 + Level 3.0 Fighting
 * Level 4.6 Short Blades
 - Level 2.1 Throwing
 + Level 2.5 Dodging
 + Level 6.0 Stealth


You had 4 spell levels left.
You didn't know any spells.
Your spell library contained the following spells:

 Spells                   Type           Power      Damage    Failure   Level
 Magic Dart               Conj           0%         1d3       30%         1
 Searing Ray              Conj           0%         2d4       41%         2
 Fulminant Prism          Conj/Hex       0%         3d5       96%         4
 Summon Forest            Summ/Tloc      0%         N/A       100%        5
 Summon Mana Viper        Hex/Summ       0%         N/A       100%        5
 Summon Cactus Giant      Summ           0%         N/A       100%        6


Dungeon Overview and Level Annotations

Branches:
Dungeon (3/15)

Altars:


Innate Abilities, Weirdness & Mutations

You are small and have problems with some larger weapons.
You are completely attuned to the shadows.


Message History

The ball python attacks as you move away!
The ball python closely misses you. x2
The ball python bites you but does no damage.
The ball python grabs you. The ball python constricts you.
You escape the ball python's grasp.
The gnoll attacks as you move away! The gnoll hits you with a +0 flail.
The gnoll attacks as you move away! The gnoll barely misses you.
The ball python attacks as you move away!
The ball python closely misses you.
There is a stone staircase leading up here.
The gnoll barely misses you. The ball python misses you.
The ball python closely misses you.
The ball python bites you but does no damage.
The ball python grabs you.
You stop ascending the stairs.
The ball python constricts you.
You hit the ball python.
The ball python is heavily wounded.
The ball python bites you but does no damage.
You hit the ball python.
You kill the ball python!
The ball python barely misses you. The ball python constricts you.
You hit the ball python.
The ball python is moderately wounded.
The ball python bites you. The ball python constricts you.
You hit the ball python.
You kill the ball python!
The gnoll hits you with a +0 flail.
* * * LOW HITPOINT WARNING * * *
The gnoll completely misses you.
You climb upwards.
There is a stone staircase leading down here.
Throw: 3 darts (curare)
Press: ? - help, Q - select action, (/) - cycle Shift-Dir - straight line, f - gnoll
Aim: a gnoll, wielding a +0 flail (66% to hit)
You throw a curare-tipped dart. The curare-tipped dart hits the gnoll.
The gnoll is poisoned.
The gnoll convulses.
The gnoll seems to slow down.
The gnoll is heavily wounded.
The gnoll misses you. The gnoll hits you with a +0 flail!
You die...

#.# #.#####.....###.#
#.#######.## #......##.#
#.....##...# #.....#.#.##
#.....##...#####.#####...#
#............####.###....#
#..............##..#.##..##
#............#.##.#.###...#
♣..##.##...###.gg.........#
.P..#..........g@.#.##....#
._P....##.#########..#...##
..P♣#####.#########.#....#
..♣.# #...........##...#
♣...## ##############..>#
.....# #....# ####.# #..#.#
#.# #..#.# #.# #..#.#


You could see 3 gnolls.

Vanquished Creatures
  A gnoll (D:3)
  5 adders (D:2)
  2 worms (D:2)
  2 dart slugs (D:1)
  8 ball pythons
  3 bats
  4 endoplasms
  3 giant cockroaches
  4 hobgoblins (D:1)
  A quokka (D:1)
  3 goblins
  7 kobolds
  4 rats
47 creatures vanquished.

Notes
Turn   | Place    | Note
-------+----------+-------------------------------------------
     0 | D:1      | wormed the Kobold Brigand began the quest for the Orb.
     0 | D:1      | Reached XP level 1. HP: 12/12 MP: 1/1
    71 | D:1      | Reached XP level 2. HP: 14/18 MP: 2/2
   398 | D:1      | Reached XP level 3. HP: 22/22 MP: 3/3
   913 | D:2      | Reached XP level 4. HP: 27/27 MP: 4/4
   949 | D:2      | Found a faded altar of an unknown god.
  1584 | D:2      | Reached skill level 6 in Stealth
  1757 | D:3      | Reached XP level 5. HP: 6/32 MP: 5/5
  1886 | D:2      | Slain by a gnoll

Illustrated notes

Levels and vault maps discovered:
D:1:      erik_arrival_triangle_small, layout_rooms, roderic_roman_lattice
D:2:      layout_loops_ring, ebering_ecumenical_altar_petrified
D:3:      layout_basic, lemuel_crystal_altar

Skill      XL: |  1  2  3  4 |
---------------+-------------+-----
Short Blades   | 3 4 |  4.6
Dodging        | 2 |  2.5
Fighting       | 3 |  3.0
Stealth        | 6 |  6.0
Throwing       | |  2.1

Action                   |  1- 3 |  4- 6 || total
-------------------------+-------+-------++-------
Melee: Dagger            |    76 |    69 ||   145
       Punch             |       |     1 ||     1
Throw: Throwing net      |       |     1 ||     1
       Dart              |       |     1 ||     1
  Use: Scroll            |     3 |     2 ||     5
       Potion            |       |     1 ||     1
 Stab: Sleeping          |     6 |     7 ||    13
       Distracted        |       |     1 ||     1
       Held in net/web   |       |     1 ||     1
Armor: Robe              |     3 |       ||     3
       Leather armour    |     9 |     8 ||    17
Dodge: Dodged            |    41 |    41 ||    82

Table legend: (Time is in decaauts)
 A = Elapsed time spent in this place.
 B = Non-inter-level travel time spent in this place.
 C = Inter-level travel time spent in this place.
 D = Time resting spent in this place.
 E = Time spent auto-exploring this place.
 F = Levels seen in this place.
 G = Mean time per level.
                   A        B        C        D        E       F      G
               +--------+--------+--------+--------+--------+-----+--------+
         Total |   1857 |   1758 |     99 |    100 |   1345 |   3 |  619.0 |
       Dungeon |   1857 |   1758 |     99 |    100 |   1345 |   3 |  619.0 |
               +--------+--------+--------+--------+--------+-----+--------+

Top non-repeatable levels by time:
     D:2: 890 daAuts
     D:1: 808 daAuts
     D:3: 158 daAuts
